Get step-by-step instructions on how to execute this build order below. Start the game timer, and the build order will tick by so you can play in parallel with StarCraft on a second screen or mobile device.

Game Time

  0:00

Last Step

  N/A

Next Step

  12  0:00  Probe (Chrono Boost)  

Upcoming Step

  13  0:11  Probe (Chrono Boost)  

Don't want to look back and forth between 2 screens? Try out our Overwolf App, the Spawning Tool Build Advisor to get an in-game overlay with this build!

Complete Build Order

  12  0:00  Probe (Chrono Boost)  
  13  0:11  Probe (Chrono Boost)  
  14  0:19  Pylon  
  14  0:22  Probe (Chrono Boost)  
  15  0:37  Probe (Chrono Boost)  
  15  0:40  Gateway  
  16  0:48  Probe (Chrono Boost)  
  16  0:49  Assimilator  
  17  0:58  Probe (Chrono Boost)  
  18  1:09  Probe (Chrono Boost)  
  19  1:21  Nexus  
  19  1:24  Probe (Chrono Boost)  
  20  1:34  Cybernetics Core  
  20  1:37  Probe (Chrono Boost)  
  21  1:45  Assimilator  
  21  1:47  Probe (Chrono Boost)  
  21  1:52  Pylon  
  22  1:58  Probe (Chrono Boost)  
  23  2:10  Probe (Chrono Boost)  
  27  2:24  Mothership Core  
  28  2:30  Pylon, Warp Gate, Adept (Chrono Boost)  
  28  2:39  Probe  
  29  2:45  Probe  
  29  2:50  Probe (Chrono Boost)  
  31  2:57  Probe (Chrono Boost)  
  32  3:02  Probe (Chrono Boost)  
  33  3:08  Probe (Chrono Boost)  
  33  3:11  Stargate  
  33  3:12  Probe (Chrono Boost)  
  35  3:18  Probe (Chrono Boost)  
  34  3:23  Probe (Chrono Boost), Adept  
  37  3:29  Probe (Chrono Boost)  
  37  3:33  Probe (Chrono Boost)  
  39  3:39  Probe (Chrono Boost)  
  40  3:44  Probe (Chrono Boost)  
  41  3:49  Probe (Chrono Boost)  
  41  3:50  Adept  
  41  3:55  Pylon  
  44  3:58  Pylon  
  44  3:59  Probe  
  45  4:06  Probe  
  46  4:13  Probe, Oracle (Chrono Boost)  
  46  4:15  Pylon  
  46  4:16  Probe  
  50  4:20  Nexus  
  51  4:25  Pylon, Probe  
  51  4:27  Probe  
  53  4:37  Probe x2, Gateway  
  54  4:41  Gateway  
  55  4:46  Oracle (Chrono Boost)  
  55  4:49  Probe, Assimilator  
  55  4:50  Probe  
  60  4:53  Assimilator  
  60  5:00  Probe  
  60  5:01  Probe  
  62  5:11  Probe  
  63  5:14  Robotics Facility  
  63  5:15  Robotics Facility  
  63  5:19  Probe, Robotics Facility  
  63  5:20  Robotics Facility  
  64  5:25  Pylon, Sentry  
  66  5:28  Probe  
  66  5:31  Probe  
  66  5:35  Probe  
  68  5:36  Phoenix (Chrono Boost)  
  68  5:39  Probe  
  68  5:40  Sentry x2  
  76  5:43  Probe  
  76  5:44  Pylon  
  76  5:46  Probe  
  78  5:50  Probe  
  78  5:56  Probe x2  
  80  6:00  Probe  
  80  6:03  Adept x2  
  86  6:04  Adept  
  86  6:08  Probe  
  86  6:10  Probe  
  87  6:14  Probe  
  90  6:18  Observer (Chrono Boost)  
  90  6:20  Probe, Assimilator  
  90  6:21  Probe, Assimilator  
  90  6:22  Twilight Council  
  90  6:24  Forge  
  92  6:25  Probe  
  93  6:32  Stalker x2  
  93  6:33  Stalker  
  101  6:40  Immortal (Chrono Boost)  
  101  6:47  Gateway  
  101  6:48  Pylon, Gateway  
  101  6:52  Pylon, Gateway  
  101  6:55  Immortal (Chrono Boost)  
  101  7:00  Zealot x3  
  97  7:02  Charge  
  94  7:16  Immortal (Chrono Boost)  
  94  7:17  Gateway  
  94  7:21  Zealot x3  
  100  7:26  Pylon  
  100  7:28  Photon Cannon  
  100  7:32  Immortal (Chrono Boost)  
  104  7:42  Sentry x3  
  110  7:44  Protoss Ground Weapons Level 1 (Chrono Boost)  
  110  7:45  Templar Archives  
  110  7:48  Zealot x2  
  114  7:54  Immortal (Chrono Boost)  
  114  7:59  Zealot  
  116  8:06  Zealot x2, Immortal (Chrono Boost)  
  116  8:07  Zealot  
  119  8:18  Zealot x2  
  117  8:25  Zealot, Immortal (Chrono Boost)  
  111  8:29  High Templar x3  
  111  8:33  Archon  
  111  8:34  High Templar  
  121  8:35  Immortal (Chrono Boost)  
  121  8:38  Gateway, Archon  
  125  8:41  Pylon  
  125  8:42  Pylon  
  125  8:53  Zealot x2  
  113  9:01  Zealot  
  113  9:02  Zealot x3  
  105  9:04  Immortal  
  109  9:12  Mothership Core  
  109  9:16  Immortal  
  111  9:17  High Templar x2  
  111  9:18  Zealot  
  111  9:22  Nexus, Archon  
  121  9:25  Zealot x3  
  121  9:29  Zealot  
  129  9:40  High Templar  
  129  9:41  High Templar  
  129  9:44  Archon  
  133  9:52  Immortal  
  125  9:55  Zealot, Immortal, High Templar x2  
  125  9:56  Zealot x3  
  125  9:59  Archon  
  135  10:10  Protoss Ground Weapons Level 2 (Chrono Boost)  
  135  10:12  Pylon  
  135  10:13  Pylon  
  135  10:14  Zealot  
  135  10:15  Zealot  
  139  10:23  Zealot  
  139  10:28  Zealot x4  
  121  10:36  Mothership Core, Warp Prism  
  121  10:40  High Templar x2  
  125  10:43  Gateway  
  125  10:44  Immortal  
  125  10:45  Archon  
  125  10:47  Gateway  
  129  10:52  Assimilator  
  129  11:02  Zealot x2, High Templar x2  
  129  11:03  Zealot x2  
  141  11:06  Archon  
  138  11:19  High Templar x2  
  138  11:23  Archon  
  138  11:24  Immortal  
  141  11:28  Photon Cannon  
  141  11:29  Observer, Photon Cannon  
  141  11:30  Pylon  
  146  11:43  Zealot, Probe  
  146  11:44  Probe, Pylon  
  146  11:45  Probe x2  
  146  11:46  Pylon  
  147  11:48  Pylon  
  147  11:49  Psionic Storm  
  147  11:54  Probe  
  150  12:04  High Templar x2  
  150  12:05  High Templar  
  154  12:09  Probe x2  
  154  12:11  Photon Cannon  
  154  12:12  Pylon  
  153  12:19  Protoss Shields Level 1 (Chrono Boost)  
  153  12:22  Zealot x4  
  161  12:28  High Templar x3  
  167  12:48  Zealot x3  
  167  12:49  Zealot x2  
  167  12:50  Zealot  
  167  12:51  Zealot  
  179  12:59  Pylon, Blink (Chrono Boost)  
  179  13:13  High Templar x3  
  179  13:15  High Templar  
  179  13:18  Photon Cannon, Archon  
  177  13:20  Photon Cannon  
  177  13:24  Photon Cannon  
  177  13:25  Archon  
  169  13:35  Photon Cannon  
  169  13:36  Photon Cannon  
  169  13:38  Photon Cannon  
  169  13:40  High Templar x2  
  173  13:44  Archon  
  173  13:45  High Templar x2  
  177  13:49  Archon  
  177  13:51  Nexus  
  177  13:52  Pylon  
  175  14:05  High Templar x2  
  175  14:09  Archon  
  179  14:12  Zealot x3  
  179  14:13  Zealot x3  
  191  14:17  Observer  
  191  14:20  Observer  
  191  14:22  Photon Cannon  
  193  14:25  Photon Cannon  
  193  14:33  Zealot x4  
  181  14:49  Probe, Oracle (Chrono Boost)  
  185  15:05  Fleet Beacon  
  181  15:07  Stargate  
  181  15:11  Stargate  
  181  15:15  Photon Cannon  
  181  15:16  Probe  
  181  15:17  Probe x4  
  181  15:18  Photon Cannon  
  186  15:40  Zealot x5  
  186  15:41  Zealot x2  
  200  15:46  Observer  
  200  15:49  Observer  
  196  16:01  Zealot x4  
  196  16:02  Zealot x2  
  174  16:22  Zealot x8  
  174  16:23  Zealot x2